 Dungeon Crawl Stone Soup version 0.32-a0-12-g7fc57aa741 (webtiles) character file.

Game seed: 11729214928909088401

802 Xavori the Trooper (level 8, -20/58 HPs)
             Began as a Djinni Chaos Knight on Jan 15, 2024.
             Was a Plaything of Xom.
             Demolished by an ogre
             ... wielding a +0 giant spiked club
              (36 damage)
             ... on level 5 of the Dungeon.
             The game lasted 00:05:10 (11765 turns).

Xavori the Trooper (Djinni Chaos Knight)           Turns: 11765, Time: 00:05:10

Health: -20/58     AC:  8    Str: 11    XL:     8   Next: 14%
Gold:   162        EV: 13    Int: 14    God:    Xom [....*.] SH:  0 Dex: 15

rFire   + + .        a - +0 falchion (chaos)
rCold   x . .        (no shield)
rNeg    . . .        d - +1 troll leather armour
rPois   ∞            (helmet restricted)
rElec   .            o - +0 cloak
rCorr   .            n - +0 pair of gloves
SInv    .            (boots unavailable)
Will    +....        (no amulet)
Stlth   +            p - ring of willpower
HPRegen 1.09/turn    (no ring)
MPRegen 0.00/turn

%: infuse magic (-21 HP)
@: flying
A: sickness immunity, fire resistance 2, cold vulnerability 1, float, innate
caster, HP casting, extra vitality 1, beak, iridescent scales 1, persistent
drain
a: Renounce Religion


You were on level 5 of the Dungeon.
You worshipped Xom.
You were a beloved toy of Xom.
You visited 1 branch of the dungeon, and saw 5 of its levels.

You collected 162 gold pieces.

Inventory:

Hand Weapons
 a - a +0 falchion of chaos (weapon)
Armour
 b - a +2 leather armour
 d - a +1 troll leather armour (worn)
 n - a +0 pair of gloves (worn)
 o - a +0 cloak (worn)
Jewellery
 p - a ring of willpower (left hand)
 u - a ring of protection from cold
Wands
 s - a wand of mindburst (13)
Scrolls
 c - a scroll of butterflies
 e - a scroll of fear {unknown}
 f - a scroll of blinking {unknown}
 h - a scroll of brand weapon {unknown}
 i - a scroll of amnesia {unknown}
 j - 2 scrolls of immolation {unknown}
 k - 4 scrolls of identify {unknown}
 t - a scroll of silence {unknown}
Potions
 g - a potion of brilliance {unknown}
 l - a potion of degeneration {unknown}
 m - a potion of heal wounds {unknown}
 q - 3 potions of curing {unknown}
 r - a potion of magic {unknown}


   Skills:
 + Level 4.5 Fighting
 + Level 4.1 Long Blades
 + Level 3.3 Armour
 + Level 4.2 Dodging
 * Level 3.7 Spellcasting
 * Level 3.7 Conjurations
 * Level 3.7 Hexes
   Level 0.0 Charms
 * Level 3.7 Summonings
 * Level 3.7 Necromancy
 * Level 3.7 Translocations
   Level 0.0 Transmutations
 * Level 3.7 Fire Magic
 * Level 3.7 Ice Magic
 * Level 3.7 Air Magic
 * Level 3.7 Earth Magic
 * Level 3.7 Alchemy


You knew the following spells:

 Your Spells              Type           Power      Damage    Failure   Level
a - Apportation           Tloc           24%        N/A       5%          1
b - Scorch                Fire           24%        2d6       9%          2
c - Volatile Blastmotes   Fire/Tloc      24%        2d12      17%         3
Your spell library was empty.

Dungeon Overview and Level Annotations

Branches:
Dungeon (5/15)             Temple (0/1) D:4

Altars:

Annotations:
D:4 1 runed translucent door, Crazy Yiuf


Innate Abilities, Weirdness & Mutations

You are immune to sickness and miasma.
You are immune to poison.
Your flesh is very heat resistant. (rF++)
You are vulnerable to cold. (rC-)
You float through the air rather than walking.
You learn spells naturally, not from books.
Your magical power is your life essence.
You have superior vitality. (+4 MHP)
You have a beak for a mouth.
You are partially covered in iridescent scales. (AC +2)
Your health recovers twice as slowly from being drained.


Message History

There is a stone staircase leading up here.
You now have 162 gold pieces (gained 18).
k - 4 scrolls labelled PUAWNUOKHLU (gained 1)
An ogre comes into view. It is wielding a +0 giant spiked club.
The ogre shouts!
An ogre is nearby!
The ogre hits you with a +0 giant spiked club!
You hit the ogre.
The ogre seems to grow stronger.
The ogre is lightly wounded.
You barely miss the ogre.
The ogre is lightly wounded.
The ogre hits you with a +0 giant spiked club!!
Unknown command.
You are too injured to fight recklessly!
Unknown command.
You are too injured to fight recklessly!
You are too injured to fight recklessly!
You hit the ogre. You burn the ogre. You peck the ogre.
The ogre is moderately wounded.
The ogre closely misses you.
You hit the ogre.
The ogre seems to speed up.
You peck the ogre.
The ogre is heavily wounded.
The ogre barely misses you.
You barely miss the ogre. You peck the ogre.
The ogre is heavily wounded.
The ogre closely misses you.
You slash the ogre!
The ogre flies into a frenzy!
The ogre is severely wounded.
The ogre hits you with a +0 giant spiked club!!
* * * LOW HITPOINT WARNING * * *
A shower of butterflies erupts from you!
You barely miss the ogre. You peck the ogre.
The ogre is severely wounded.
The ogre barely misses your butterfly.
You closely miss the ogre.
The ogre is severely wounded.
The ogre hits you with a +0 giant spiked club!!!
Ouch! That really hurt!
You die...
Xom thinks this is hilarious!

...##..#.[......
.......#.>...... .
..#....<........
...###............
...#..#..........
. .... ##.........
...#. #..b......
.....b###..b......
....#.O@....b.....
...###b##......###
. ..#.. ####..##
##.b.# ..# ####
#..# #... ...


You could see a neutral ogre (fast, strong, frenzied, ally target).

Vanquished Creatures
  Grinder (D:4)
  Eustachio (D:4)
  A phantom (D:4)
  A scorpion (D:4)
  A bombardier beetle (D:3)
  A hound (D:4)
  An iguana (D:4)
  A gnoll (D:1)
  6 adders
  2 dart slugs
  A ribbon worm (D:3)
  2 orcs
  5 endoplasms
  4 giant cockroaches
  8 goblins
  6 hobgoblins
  4 jackals
  6 kobolds
  4 quokkas
  7 ball pythons
  A bat (D:3)
  3 frilled lizards
67 creatures vanquished.

Vanquished Creatures (collateral kills)
  Blork the orc (D:4)
  A sleepcap (D:4)
  2 quokkas
4 creatures vanquished.

Vanquished Creatures (others)
  An iguana (D:4)
1 creature vanquished.

Grand Total: 72 creatures vanquished

Notes
Turn   | Place    | Note
-------+----------+-------------------------------------------
     0 | D:1      | Xavori the Djinni Chaos Knight began the quest for the Orb.
     0 | D:1      | Reached XP level 1. HP: 20/20 MP: 0/0
   118 | D:1      | Reached XP level 2. HP: 20/25 MP: 0/0
   255 | D:1      | Found a faded altar of an unknown god.
   298 | D:1      | XOM: silly message
   301 | D:1      | Reached XP level 3. HP: 30/30 MP: 0/0
   301 | D:1      | Learned a level 1 spell: Apportation
   342 | D:1      | XOM: divination: magic mapping
   351 | D:1      | Reached skill level 1 in Spellcasting
   351 | D:1      | Reached skill level 1 in Conjurations
   351 | D:1      | Reached skill level 1 in Hexes
   351 | D:1      | Reached skill level 1 in Summonings
   351 | D:1      | Reached skill level 1 in Necromancy
   351 | D:1      | Reached skill level 1 in Translocations
   351 | D:1      | Reached skill level 1 in Fire Magic
   351 | D:1      | Reached skill level 1 in Ice Magic
   351 | D:1      | Reached skill level 1 in Air Magic
   351 | D:1      | Reached skill level 1 in Earth Magic
   351 | D:1      | Reached skill level 1 in Alchemy
   821 | D:1      | XOM: silly message
  2384 | D:1      | XOM: draining
  2397 | D:1      | XOM: god gift: scroll labelled QAHA BAEDUIT {god gift}
  2540 | D:1      | XOM: give mutations
  2540 | D:1      | Gained mutation: You possess an exceptional clarity of
                  | mind. [Xom's mischief]
  2540 | D:1      | Gained mutation: You have a beak for a mouth. [Xom's
                  | mischief]
  2540 | D:1      | Gained mutation: You are occasionally teleported next to
                  | monsters. [Xom's mischief]
  2773 | D:1      | XOM: scenery: 2 doors open, 2 doors close
  2945 | D:1      | XOM: 1-stop teleportation journey
  3059 | D:1      | XOM: scenery: 1 doors open, 3 doors close
  3184 | D:1      | XOM: torment (14/25 hp)
  3623 | D:1      | XOM: silly message
  4378 | D:1      | XOM: divination: detect items
  4605 | D:1      | XOM: silly message
  4705 | D:1      | XOM: summons 4 hostile shadow creatures
  5505 | D:1      | XOM: give mutations
  5505 | D:1      | Lost mutation: You are occasionally teleported next to
                  | monsters. [Xom's mischief]
  5505 | D:1      | Gained mutation: Your muscles are strong. (Str +4, Int/Dex
                  | -1) [Xom's mischief]
  6356 | D:1      | XOM: summons 2 hostile shadow creatures
  6619 | D:1      | XOM: scenery: 3 doors open, 1 doors close
  6883 | D:1      | XOM: god gift: morningstar {god gift}
  7688 | D:1      | XOM: god gift: staff of alchemy
  7806 | D:1      | XOM: god gift: runed short sword {god gift}
  7866 | D:1      | XOM is BORED!
  7866 | D:1      | XOM: noise
  8257 | D:1      | XOM: summons 4 hostile shadow creatures
  8389 | D:2      | XOM: cloud trail
  8551 | D:1      | XOM: give mutations
  8551 | D:1      | Lost mutation: Your muscles are strong. (Str +4, Int/Dex
                  | -1) [Xom's mischief]
  8551 | D:1      | Lost mutation: You possess an exceptional clarity of mind.
                  | [Xom's mischief]
  9107 | D:1      | XOM is BORED!
  9107 | D:1      | XOM: summons 2 hostile demons
  9406 | D:1      | XOM: give mutations
  9406 | D:1      | Gained mutation: Your health recovers twice as slowly from
                  | being drained. [Xom's mischief]
  9406 | D:1      | Gained mutation: You are partially covered in iridescent
                  | scales. (AC +2) [Xom's mischief]
  9512 | D:1      | XOM: cloud trail
  9603 | D:1      | XOM: silly message
  9624 | D:2      | XOM: 1-stop teleportation journey
  9768 | D:2      | XOM: polymorph jackal -> endoplasm
  9774 | D:2      | Reached XP level 4. HP: 31/31 MP: 0/0
  9835 | D:2      | XOM: 4-stop teleportation journey
 10326 | D:3      | XOM: noise
 10351 | D:3      | XOM: enchant monster (bad)
 10352 | D:3      | XOM: noise
 10518 | D:3      | Reached XP level 5. HP: 38/40 MP: 0/0
 10518 | D:3      | Learned a level 2 spell: Scorch
 11082 | D:4      | Found a staircase to the Ecumenical Temple.
 11100 | D:4      | Reached XP level 6. HP: 47/47 MP: 0/0
 11125 | D:4      | Noticed Eustachio
 11141 | D:4      | XOM: enchant monster (bad)
 11156 | D:4      | Killed Eustachio
 11235 | D:4      | Found a runed translucent door.
 11236 | D:4      | Noticed Crazy Yiuf
 11290 | D:4      | XOM: 1-stop teleportation journey
 11300 | D:4      | Reached XP level 7. HP: 46/52 MP: 0/0
 11300 | D:4      | Learned a level 3 spell: Volatile Blastmotes
 11428 | D:4      | Noticed Grinder
 11461 | D:4      | XOM: enchant monster (good)
 11468 | D:4      | XOM: summons 3 friendly demons
 11480 | D:4      | Killed Grinder
 11511 | D:4      | Noticed Blork the orc
 11515 | D:4      | XOM: divination: detect items
 11524 | D:4      | XOM: cast spell 'Summon Dragon'
 11528 | D:4      | Killed Blork the orc
 11529 | D:4      | Reached XP level 8. HP: 58/58 MP: 0/0
 11744 | D:5      | Entered Level 5 of the Dungeon
 11763 | D:5      | XOM: butterfly on damage
 11765 | D:5      | Demolished by an ogre

Illustrated notes

Levels and vault maps discovered:
D:1:      minmay_arrival_up_and_down, layout_rooms,
          ebering_ecumenical_altar_webs, minmay_tetromino_t2
D:2:      layout_basic
D:3:      layout_basic, nicolae_overflow_hidden_temple,
          nicolae_kite_square_tiling_tiny, minmay_diced_spiral
D:4:      layout_basic, minmay_temple_entry_wispy, uniq_blork_the_orc,
          uniq_grinder, uniq_eustachio, uniq_crazy_yiuf_cottage
D:5:      layout_cave_pods, nzn_wu_jian_council_hall, serial_glass,
          glass_columns_a, glass_columns_a, item_on_display_a,
          minmay_strange_pillars, chequers_big_river, serial_park_tiny_1,
          nicolae_titane, uniq_duvessa, uniq_pikel

Skill      XL: |  1  2  3  4  5  6  7 |
---------------+----------------------+-----
Spellcasting   | 1 2 3 |  3.7
Conjurations   | 1 2 3 |  3.7
Hexes          | 1 2 3 |  3.7
Summonings     | 1 2 3 |  3.7
Necromancy     | 1 2 3 |  3.7
Translocations | 1 2 3 |  3.7
Fire Magic     | 1 2 3 |  3.7
Ice Magic      | 1 2 3 |  3.7
Air Magic      | 1 2 3 |  3.7
Earth Magic    | 1 2 3 |  3.7
Alchemy        | 1 2 3 |  3.7
Long Blades    | 3 4 |  4.1
Armour         | 2 3 |  3.3
Dodging        | 3 4 |  4.2
Fighting       | 4 |  4.5

Action                     |  1- 3 |  4- 6 |  7- 9 || total
---------------------------+-------+-------+-------++-------
  Melee: Falchion          |    86 |   146 |    64 ||   296
         Peck              |     4 |    22 |    20 ||    46
         Punch             |     1 |     2 |     3 ||     6
    Use: Scroll            |     1 |       |       ||     1
   Stab: Sleeping          |     1 |       |       ||     1
         Petrified         |       |     6 |       ||     6
         Distracted        |       |     1 |       ||     1
         Paralysed         |       |     1 |       ||     1
 Armour: Troll leather arm |    59 |    83 |    38 ||   180
         Leather armour    |     1 |       |       ||     1
  Dodge: Dodged            |    67 |   101 |    49 ||   217

Table legend: (Time is in decaauts)
 A = Elapsed time spent in this place.
 B = Non-inter-level travel time spent in this place.
 C = Inter-level travel time spent in this place.
 D = Time resting spent in this place.
 E = Time spent auto-exploring this place.
 F = Levels seen in this place.
 G = Mean time per level.
                   A        B        C        D        E       F      G
               +--------+--------+--------+--------+--------+-----+--------+
         Total |  11812 |  11715 |     97 |   9116 |   1888 |   5 | 2362.4 |
       Dungeon |  11812 |  11715 |     97 |   9116 |   1888 |   5 | 2362.4 |
               +--------+--------+--------+--------+--------+-----+--------+

Top non-repeatable levels by time:
     D:1: 9079 daAuts
     D:2: 1262 daAuts
     D:3: 729 daAuts
     D:4: 720 daAuts
     D:5: 21 daAuts
